 Dungeon Crawl Stone Soup version 0.30-a0-122-g2a1322497e (webtiles) character file.

Game seed: 7734082954742466958

65 Pilot the Caller (level 3, 0/15 HPs)
             Began as a Felid Summoner on Sept 16, 2022.
             Slain by an adder (1 damage)
             ... on level 3 of the Dungeon.
             The game lasted 00:20:32 (3716 turns).

Pilot the Caller (Felid Summoner)                   Turns: 3716, Time: 00:20:33

Health: 0/15       AC:  1    Str:  6    XL:     3   Next: 92%
Magic:  4/7        EV: 18    Int: 16    God:
Gold:   97         SH:  0    Dex: 16    Spells: 2/6 levels left
                                        Lives:  0   Deaths: 0

rFire   . . .      SeeInvis +    (weapon unavailable)
rCold   . . .      Faith    .    (shield unavailable)
rNeg    + . .      Spirit   .    (body armour unavailable)
rPois   .          Reflect  .    (helmet unavailable)
rElec   .          Harm     .    (cloak unavailable)
rCorr   .          Rampage  .    (gloves unavailable)
Will    .....                    (boots unavailable)
Stlth   ++........               (no amulet)
HPRegen 0.05/turn                c - ring of positive energy
MPRegen 0.10/turn                g - ring of flight

@: flying, quick
A: very small, claws 1, fangs 3, see invisible, speed 1, shaggy fur 1, stealthy
paws, no weapons or thrown items, no armour, multi-lived
a: no special abilities


You were on level 3 of the Dungeon.
You visited 1 branch of the dungeon, and saw 3 of its levels.

You collected 97 gold pieces.

Inventory:

Jewellery
 c - a ring of positive energy (left paw)
 g - a ring of flight (right paw)
Scrolls
 b - a scroll of butterflies {unknown}
 d - 2 scrolls of identify {unknown}
 f - a scroll of immolation {unknown}
 j - a scroll of magic mapping {unknown}
Potions
 a - a potion of magic
 e - a potion of invisibility {unknown}
 h - a potion of curing {unknown}
 i - a potion of flight {unknown}


   Skills:
 + Level 0.8 Fighting
 + Level 3.3 Dodging
 + Level 3.3 Stealth
 + Level 0.8 Unarmed Combat
 + Level 2.4 Spellcasting
 + Level 4.4 Summonings
 + Level 0.6 Necromancy


You had 2 spell levels left.
You knew the following spells:

 Your Spells              Type           Power      Damage    Failure   Level
a - Summon Small Mammal   Summ           64%        N/A       3%          1
b - Necrotise             Necr           16%        1d4       16%         1
c - Call Imp              Summ           16%        N/A       4%          2

Your spell library contained the following spells:

 Spells                   Type           Power      Damage    Failure   Level
 Apportation              Tloc           2%         N/A       21%         1
 Freeze                   Ice            4%         1d3       21%         1
 Call Canine Familiar     Summ           16%        N/A       10%         3
 Summon Guardian Golem    Hex/Summ       9%         N/A       24%         3
 Frozen Ramparts          Ice            2%         1d1       52%         3
 Summon Lightning Spire   Summ/Air       9%         N/A       63%         4
 Animate Dead             Necr           4%         N/A       83%         4
 Hailstorm                Conj/Ice       1%         3d3       89%         4
 Borgnjor's Vile Clutch   Necr/Erth      1%         N/A       99%         5
 Death Channel            Necr           2%         N/A       100%        6


Dungeon Overview and Level Annotations

Branches:
Dungeon (3/15)

Altars:


Innate Abilities, Weirdness & Mutations

You have sharp claws.
You have razor-sharp teeth.
You have supernaturally acute eyesight. (SInv)
You cover ground quickly. (Speed+)
You are covered in fur. (AC +1)
Your paws help you pounce on unaware monsters.
You are incapable of wielding weapons or throwing items.
You cannot wear armour.
You gain extra lives every three experience levels.


Message History

Casting: Summon Small Mammal (safe; 3% risk of failure)
Confirm with . or Enter, or press ? or * to list all spells.
What are your orders? t - Meow!
Orders for allies: a - Attack new target. r - Retreat! s - Stop attacking. g - Guard the area. f - Follow me.
Anything else - Cancel.
Gang up on whom?
Press: ? - help, Dir - move target, f - orc priest
Aim: an orc priest, wielding a +0 dagger (asleep) Attack!
The orc priest mumbles some strange prayers to Beogh against you.
Beogh smites you!
Ouch! That really hurt!
* * * LOW HITPOINT WARNING * * *
The orc shouts!
You hear a shout!
You swap places.
Something barely misses your quokka.
j - a scroll labelled PIORE AHEANEUPTID The orc hits your quokka with a +0 flail.
An adder comes into view.
Your crimson imp hits the orc priest but does no damage.
Your quokka barely misses the orc.
The orc hits your quokka with a +0 flail.
Your quokka dies!
Your quokka's corpse disappears in a puff of smoke!
The orc priest hits your crimson imp with a +0 dagger.
The orc hits your crimson imp with a +0 flail!
Found an escape hatch in the ceiling.
Your bat hits the orc priest but does no damage.
The orc priest closely misses your bat. The orc misses your bat.
Your bat closely misses the orc.
The adder bites you.
* * * LOW HITPOINT WARNING * * *
Your crimson imp hits the orc priest.
You scratch the adder.
The adder is moderately wounded.
Your bat hits the orc priest but does no damage.
Your bat hits the orc. The adder bites you.
You die...

######.o.o.o..
#....5oo...#
#.####b#####
#.# #.# #.#
#.# #.# #.#
#.# #.# #<#
#.# #.# #@#
#.# #S# #.#
#.. #.# #...
#.# ##..< #..
.#.. ### ...##
#. #


You could see an orc priest (ally target), an adder, an orc, a friendly crimson
imp (summoned) and a friendly bat (summoned).

Vanquished Creatures
  An adder (D:2)
  A dart slug (D:1)
  2 giant cockroaches
  A goblin (D:2)
  3 hobgoblins
  3 jackals (D:2)
  7 kobolds
  2 quokkas
  A ball python (D:1)
  3 bats (D:1)
  2 frilled lizards (D:2)
  4 rats
30 creatures vanquished.

Vanquished Creatures (collateral kills)
  4 bats
  An endoplasm (D:1)
  A giant cockroach (D:1)
  A hobgoblin (D:2)
  2 jackals (D:2)
  2 kobolds
  5 ball pythons
  4 rats
20 creatures vanquished.

Grand Total: 50 creatures vanquished

Notes
Turn   | Place    | Note
-------+----------+-------------------------------------------
     0 | D:1      | Pilot the Felid Summoner began the quest for the Orb.
     0 | D:1      | Reached XP level 1. HP: 7/7 MP: 4/4
   164 | D:1      | Learned a level 1 spell: Necrotise
   393 | D:1      | Reached XP level 2. HP: 3/11 MP: 3/6
  1809 | D:1      | Reached XP level 3. HP: 13/14 MP: 5/7
  3182 | D:2      | Learned a level 2 spell: Call Imp
  3443 | D:2      | Identified the +4 sling of Cruel Justice {flame, rCorr
                  | SInv}
  3716 | D:3      | Slain by an adder

Illustrated notes

Levels and vault maps discovered:
D:1:      scummos_arrival_forest, layout_basic
D:2:      minmay_evil_eye, layout_loops_cross, feat_on_display
D:3:      layout_loops_ring

Skill      XL: |  1 |
---------------+----+-----
Stealth        | 3 |  3.3
Dodging        | 3 |  3.3
Fighting       | |  0.8
Unarmed Combat | |  0.8
Spellcasting   | |  2.4
Summonings     | |  4.4
Necromancy     | |  0.6

Action                   || total
-------------------------++-------
Melee: Unarmed           ||   112
       Bite              ||     8
 Cast: Summon Small Mamm ||    56
       Necrotise         ||    23
       Call Imp          ||     3
 Stab: Sleeping          ||     2
       Distracted        ||     1
Armor: Skin              ||    12
Dodge: Dodged            ||   133

Table legend: (Time is in decaauts)
 A = Elapsed time spent in this place.
 B = Non-inter-level travel time spent in this place.
 C = Inter-level travel time spent in this place.
 D = Time resting spent in this place.
 E = Time spent auto-exploring this place.
 F = Levels seen in this place.
 G = Mean time per level.
                   A        B        C        D        E       F      G
               +--------+--------+--------+--------+--------+-----+--------+
         Total |   3442 |   3281 |    161 |      0 |   2606 |   3 | 1147.3 |
       Dungeon |   3442 |   3281 |    161 |      0 |   2606 |   3 | 1147.3 |
               +--------+--------+--------+--------+--------+-----+--------+

Top non-repeatable levels by time:
     D:1: 1728 daAuts
     D:2: 1693 daAuts
     D:3: 20 daAuts
